 Dungeon Crawl Stone Soup version 0.28-a0-1613-gdaab1c2f9b (webtiles) character file.

Game seed: 6566388789935512655

149 YayAnonymity the Poker (level 5, 0/38 HPs)
             Began as a Demonspawn Gladiator on Jan 22, 2022.
             Killed from afar by Natasha (8 damage)
             ... with a magic dart
             ... on level 3 of the Dungeon.
             The game lasted 00:04:40 (2821 turns).

YayAnonymity the Poker (Demonspawn Gladiator)       Turns: 2821, Time: 00:04:40

Health: 0/38       AC:  5    Str: 16    XL:     5   Next: 9%
Magic:  5/5        EV: 12    Int: 10    God:
Gold:   181        SH:  0    Dex: 14    Spells: 4/4 levels left

rFire   . . .      SeeInvis .   a - +0 trident
rCold   . . .      Faith    .   (no shield)
rNeg    + . .      Spirit   .   b - +0 leather armour
rPois   .          Reflect  .   c - +0 helmet
rElec   .          Harm     .   (no cloak)
rCorr   .          Rampage  .   (no gloves)
Will    .....                   s - +0 pair of boots
Stlth   +.........              (no amulet)
HPRegen 0.12/turn               (no ring)
MPRegen 0.18/turn               n - ring of positive energy

@: slowed, very slow
A: powered by death 1, magic regeneration
a: no special abilities


You were on level 3 of the Dungeon.
You visited 1 branch of the dungeon, and saw 3 of its levels.

You collected 181 gold pieces.

Inventory:

Hand Weapons
 a - a +0 trident (weapon)
Missiles
 d - 3 throwing nets (quivered)
 r - 4 atropa-tipped darts
Armour
 b - a +0 leather armour (worn)
 c - a +0 helmet (worn)
 s - a +0 pair of boots (worn)
Jewellery
 n - a ring of positive energy (right hand)
Scrolls
 e - a scroll of acquirement {unknown}
 f - a scroll of noise {unknown}
 i - a scroll of amnesia {unknown}
 j - a scroll of immolation {unknown}
 k - 2 scrolls of enchant armour {unknown}
 m - a scroll of fog {unknown}
 o - a scroll of magic mapping {unknown}
 q - a scroll of teleportation {unknown}
Potions
 g - a potion of flight {unknown}
 h - a potion of resistance {unknown}
 l - a potion of cancellation {unknown}
 p - a potion of attraction {unknown}
 t - a potion of lignification {unknown}


   Skills:
 - Level 2.0 Fighting
 + Level 5.1 Polearms
 - Level 1.7 Throwing
 - Level 3.0 Dodging


You had 4 spell levels left.
You didn't know any spells.
Your spell library was empty.

Dungeon Overview and Level Annotations

Branches:
Dungeon (3/15)

Altars:

Annotations:
D:3 Grinder, Natasha


Innate Abilities, Weirdness & Mutations

You regenerate a little health from kills.
You regenerate magic rapidly.


Message History

Natasha casts a spell at you. The magic dart hits you.
You reach to attack!
You hit Natasha but do no damage. You closely miss Natasha.
Grinder shouts!
Natasha zaps a wand.
The puff of flame misses you.
You closely miss Natasha. Natasha claws you.
You hit Natasha but do no damage. Natasha closely misses you.
Natasha zaps a wand.
The puff of flame hits you.
You hit Natasha.
Natasha is moderately wounded.
Grinder says, "Just stop there for a second..."
Natasha stares at you and mumbles some strange words.
The magic dart hits you.
Natasha zaps a wand.
The puff of flame hits you!
Natasha stares at you and mumbles some strange words.
You feel yourself slow down.
Natasha mumbles some strange words. x2
Natasha casts a spell.
The crimson imp blinks!
You hit the crimson imp.
The crimson imp is moderately wounded.
Grinder hits you.
You writhe in agony.
The crimson imp misses you. Grinder says, "Are you a fish?"
Grinder blinks!
You hit the crimson imp.
The crimson imp is heavily wounded.
The crimson imp barely misses you. Grinder barely misses you.
The shadow imp summons a swarm of flies.
The crimson imp hits you.
You hit the crimson imp.
The crimson imp is heavily wounded.
Grinder rolls her eyes.
Grinder gestures at you. Pain shoots through your body!
* * * LOW HITPOINT WARNING * * *
The crimson imp closely misses you. Natasha casts a spell at you.
The magic dart hits you!
You die...

#>####......##...#
#.# ###.##...##.#
#.# #.####.##.# #.#
#.# #.##.# #.# #.#
##.##.# #.#
#.###.....# #.#
#.......... #5#
#####..####
##@##########..####
#h5................
#.###########.#####
#5# #......### #5#
#.##.#.#.## #.#
#..#..#.. #.#
....#..... #.#
#.#######.#
#...5..... #....


You could see Grinder, Natasha, a crimson imp (summoned) and 2 shadow imps.

Vanquished Creatures
  Natasha (twice) (D:3)
  2 adders
  2 worms (D:2)
  3 dart slugs
  2 orcs
  6 bats
  2 endoplasms
  4 giant cockroaches
  4 goblins
  4 hobgoblins
  7 jackals
  A quokka (D:2)
  8 ball pythons
  4 frilled lizards
  6 kobolds
  7 rats
64 creatures vanquished.

Vanquished Creatures (others)
  2 fungi (D:3)
  21 plants (D:3)
  4 toadstools (D:3)
27 creatures vanquished.

Grand Total: 91 creatures vanquished

Notes
Turn   | Place    | Note
-------+----------+-------------------------------------------
     0 | D:1      | YayAnonymity the Demonspawn Gladiator began the quest for
                  | the Orb.
     0 | D:1      | Reached XP level 1. HP: 16/16 MP: 1/1
   157 | D:1      | Reached skill level 3 in Polearms
   162 | D:1      | Gained mutation: You regenerate a little health from kills.
                  | [demonic ancestry]
   162 | D:1      | Reached XP level 2. HP: 20/22 MP: 2/2
   675 | D:1      | Reached XP level 3. HP: 27/27 MP: 3/3
   836 | D:1      | Found a faded altar of an unknown god.
  1119 | D:2      | Reached skill level 4 in Polearms
  1370 | D:2      | Reached XP level 4. HP: 32/33 MP: 4/4
  1776 | D:3      | Noticed Grinder
  2197 | D:3      | Noticed Natasha
  2212 | D:3      | Killed Natasha
  2522 | D:3      | Noticed Natasha
  2534 | D:3      | Killed Natasha
  2535 | D:3      | Reached skill level 5 in Polearms
  2535 | D:3      | Gained mutation: You regenerate magic rapidly. [demonic
                  | ancestry]
  2535 | D:3      | Reached XP level 5. HP: 14/38 MP: 5/5
  2803 | D:3      | Noticed Natasha
  2821 | D:3      | Killed from afar by Natasha

Illustrated notes

Levels and vault maps discovered:
D:1:      lemuel_arrival_room, layout_loops_cross,
          dilly_ecumenical_altar_fadedgnrine
D:2:      layout_loops_corners
D:3:      layout_loops_ring, nicolae_uskayaw_dance_hall,
          ebering_ghost_reflecting_pool, hex_medium, serial_bayou_lagoon_a,
          minmay_gold_behind_fungi, uniq_natasha, uniq_grinder

Skill      XL: |  1  2  3  4 |
---------------+-------------+-----
Polearms       | 3 4 5 |  5.1
Dodging        | 3 |  3.0
Fighting       | |  2.0
Throwing       | |  1.7

Action                   |  1- 3 |  4- 6 || total
-------------------------+-------+-------++-------
Melee: Trident           |   128 |    66 ||   194
       Punch             |       |     1 ||     1
 Stab: Sleeping          |     3 |     1 ||     4
Armor: Leather armour    |    44 |    12 ||    56
Dodge: Dodged            |    85 |    35 ||   120

Table legend: (Time is in decaauts)
 A = Elapsed time spent in this place.
 B = Non-inter-level travel time spent in this place.
 C = Inter-level travel time spent in this place.
 D = Time resting spent in this place.
 E = Time spent auto-exploring this place.
 F = Levels seen in this place.
 G = Mean time per level.
                   A        B        C        D        E       F      G
               +--------+--------+--------+--------+--------+-----+--------+
         Total |   2864 |   2712 |    152 |    414 |   1580 |   3 |  954.7 |
       Dungeon |   2864 |   2712 |    152 |    414 |   1580 |   3 |  954.7 |
               +--------+--------+--------+--------+--------+-----+--------+

Top non-repeatable levels by time:
     D:2: 1088 daAuts
     D:1: 930 daAuts
     D:3: 845 daAuts
